 Dungeon Crawl Stone Soup version 0.31-a0-879-g1609e0ac53 (webtiles) character file.

Game seed: 2004492620899180158

2 Kurtz the Sneak (level 1, 0/21 HPs)
             Began as a Naga Delver on Oct 14, 2023.
             Slain by a hound (5 damage)
             ... on level 3 of the Dungeon.
             The game lasted 00:01:00 (205 turns).

Kurtz the Sneak (Naga Delver)                        Turns: 205, Time: 00:01:00

Health: 0/21       AC:  1    Str: 14    XL:     1   Next: 40%
Magic:  1/1        EV:  9    Int: 10    God:
Gold:   41         SH:  0    Dex: 12    Spells: 0/0 levels left

rFire   . . .        a - +0 hand axe
rCold   . . .        (no shield)
rNeg    . . .        b - +0 leather armour
rPois   +            (no helmet)
rElec   .            (no cloak)
rCorr   .            (no gloves)
SInv    +            (no barding)
Will    .....        (no amulet)
Stlth   +++          (no ring)
HPRegen 0.23/turn    (no ring)
MPRegen 0.07/turn

%: no passive effects
@: short of breath, very slow
A: AC +0, large, see invisible, deformed body, poison resistance, slowness 2,
spit poison 1, naga tail 1
a: Spit Poison


You were on level 3 of the Dungeon.
You visited 1 branch of the dungeon, and saw 3 of its levels.

You collected 41 gold pieces.

Inventory:

Hand Weapons
 a - a +0 hand axe (weapon)
Armour
 b - a +0 leather armour (worn)
Wands
 g - a wand of digging (3)
Scrolls
 c - a scroll of fog
 d - a scroll of revelation
 e - a scroll of fear
 h - 4 scrolls of teleportation {unknown}
Potions
 f - a potion of haste


   Skills:
 - Level 3.0 Fighting
 * Level 2.2 Axes
 - Level 1.5 Dodging
 - Level 7.2 Stealth


You couldn't memorise any spells.
You didn't know any spells.
Your spell library was empty.

Dungeon Overview and Level Annotations

Branches:
Dungeon (5/15)
 Temple: D:4-7

Altars:

Annotations:
D:3 Ijyb
D:5 exclusions: hound, ice beast, phantom and scorpion


Innate Abilities, Weirdness & Mutations

Your serpentine skin is tough. (AC +0)
You have supernaturally acute eyesight. (SInv)
Armour fits poorly on your strangely shaped body.
Your system is resistant to poisons. (rPois)
You cover ground very slowly.
You can spit poison.
You have a snake-like lower body.


Message History

HP restored.
An endoplasm comes into view.
Found 12 gold pieces.
The helpless endoplasm fails to defend itself.
You hit the endoplasm.
The endoplasm is moderately wounded.
The endoplasm hits you. The endoplasm misses you.
You hit the endoplasm.
You kill the endoplasm!
No target in view!
No target in view!
You now have 41 gold pieces (gained 12).
Ijyb the Twisted Goblin comes into view.
She is wielding a +0 club and carrying a wand of roots.
Press: ? - help, v - describe, . - travel
Here: Ijyb, wielding a +0 club, wearing a +0 leather armour and carrying a wand of roots (asleep)
The floor.
Placed new exclusion.
A ball python and a bat come into view.
A hound and an adder come into view.
The adder hisses angrily.
The hound barks!
The adder bites you. The adder bites you. The hound bites you.
The adder bites you. The hound bites you but does no damage.
The adder barely misses you. The hound attacks as it pursues you!
The hound bites you but does no damage. The hound bites you.
You are too injured to fight recklessly!
You are too injured to fight recklessly!
You are too injured to fight recklessly!
Aiming: Spit Poison (3% risk of failure)
Press: ? - help, Shift-Dir - straight line, f - hound
Aim: a hound (38% to hit)
The splash of poison hits the hound but does no damage.
The hound is poisoned.
The hound bites you.
* * * LOW HITPOINT WARNING * * *
The hound barely misses you.
You barely miss the hound.
The hound is lightly wounded.
The hound bites you.
You die...

#.## ### #...# ....
..# .... #..# # ##.#
#=.# #..# #.##.# ..#
#..# #.##.# # #.#
#..##.#.#.##.#####.#
#..#.# #>..........##
#..h## ##....###.....
##.#@###.#######.####
#.##.#..........#
#.###.########### #.#
### ..# ###


You could see a hound (poisoned).

Vanquished Creatures
  An endoplasm (D:3)
  A quokka (D:3)
2 creatures vanquished.

Notes
Turn   | Place    | Note
-------+----------+-------------------------------------------
     0 | D:5      | Kurtz the Naga Delver began the quest for the Orb.
     0 | D:5      | Reached XP level 1. HP: 21/21 MP: 1/1
    27 | D:5      | Noticed an ice beast
    33 | D:5      | Noticed a hound
    45 | D:5      | Noticed a phantom
    77 | D:5      | Noticed a scorpion
    89 | D:5      | Noticed a howler monkey
    89 | D:5      | Noticed a scorpion
   106 | D:5      | Noticed a sleepcap
   107 | D:5      | Noticed an orc wizard
   134 | D:4      | Noticed an orc priest
   178 | D:3      | Noticed Ijyb
   200 | D:3      | Noticed a hound
   205 | D:3      | Slain by a hound

Illustrated notes

Levels and vault maps discovered:
D:3:      layout_loops_ring, uniq_ijyb
D:4:      layout_basic
D:5:      layout_rooms, mainiacjoe_overflow_alcove_2, minmay_holes,
          kennysheep_crisscross

Action                     || total
---------------------------++-------
  Melee: Hand axe          ||     7
Ability: Spit Poison       ||     1
   Stab: Sleeping          ||     2
 Armour: Leather armour    ||    11
  Dodge: Dodged            ||     6

Table legend: (Time is in decaauts)
 A = Elapsed time spent in this place.
 B = Non-inter-level travel time spent in this place.
 C = Inter-level travel time spent in this place.
 D = Time resting spent in this place.
 E = Time spent auto-exploring this place.
 F = Levels seen in this place.
 G = Mean time per level.
                   A        B        C        D        E       F      G
               +--------+--------+--------+--------+--------+-----+--------+
         Total |    275 |    275 |      0 |      0 |    146 |   3 |   91.7 |
       Dungeon |    275 |    275 |      0 |      0 |    146 |   3 |   91.7 |
               +--------+--------+--------+--------+--------+-----+--------+

Top non-repeatable levels by time:
     D:5: 156 daAuts
     D:3: 78 daAuts
     D:4: 40 daAuts
